 Dungeon Crawl Stone Soup version 0.18-a0-1507-g69458e0 (webtiles) character file.

84 GrosslyIncandescent the Insei (level 4, -6/35 HPs)
             Began as a Mummy Monk on Mar 5, 2016.
             Shot with a bolt of flame by a yaktaur (41 damage)
             ... on level 1 of the Dungeon.
             The game lasted 00:04:04 (8768 turns).

GrosslyIncandescent the Insei (Mummy Monk)          Turns: 8768, Time: 00:04:04

Health: -6/35      AC:  0    Str: 14    XL:     4   Next: 24%
Magic:  4/4        EV:  8    Int:  9    God:
Gold:   91         SH:  0    Dex: 15    Spells: 0 memorised, 3 levels left

rFire  x . .     SeeInvis .       - Unarmed
rCold  + . .     Gourm    .     (no armour)
rNeg   + + +     Faith    .     (no shield)
rPois  ∞         Spirit   .     (no helmet)
rElec  .         Dismiss  .     (no cloak)
rCorr  .         Reflect  .     (no gloves)
SustAt .         Harm     +     (no boots)
MR     .....                    b - amulet of harm
Stlth  ++........               (no ring)
                                (no ring)

@: not resistant to hostile enchantments, unstealthy
A: no food or potions, fire vulnerability, cold resistance 1, negative energy
resistance 3, torment resistance, unbreathing
a: no special abilities


You were on level 1 of the Dungeon.
You were not hungry.

You visited 1 branch of the dungeon, and saw 2 of its levels.

You collected 91 gold pieces.


Innate Abilities, Weirdness & Mutations

You do not eat or drink.
Your flesh is vulnerable to fire.
You are immune to poison.
Your flesh is cold resistant.
You are immune to negative energy.
You are immune to unholy pain and torment.
You can survive without breathing.


   Skills:
 - Level 3.0 Fighting
 - Level 2.4 Dodging
 - Level 1.5 Stealth
 + Level 4.8 Unarmed Combat


You had 3 spell levels left.
You didn't know any spells.

Inventory:

Armour
 d - a +2 large shield of fire resistance {I like you already}
Jewellery
 b - an amulet of harm (around neck)
Scrolls
 a - a scroll of teleportation {unknown}
 c - 3 scrolls of identify {unknown}
 e - a scroll of amnesia {unknown}
 f - a scroll of magic mapping {unknown}

Dungeon Overview and Level Annotations

Branches:
Dungeon (2/15)

Altars:
Pakellas

▒.▒ ▒▒▒▒▒▒▒.▒ ▒▒.......▒▒▒▒▒.
▒.▒
▒▒......#▒▒▒▒..............
▒.▒
▒▒..≈####..▒▒...≈≈≈≈..▒.▒▒▒▒
▒.▒ ▒..≈#≈#≈##.....≈≈≈≈≈≈.▒.▒
▒.▒ ▒..≈#≈###...(..≈≈≈≈≈≈...▒
▒.▒▒▒▒..≈#≈≈#≈......≈≈≈≈≈≈...▒
▒........≈##≈..▒▒+▒.)≈≈≈≈....▒
..............▒▒▒(▒▒......▒▒.▒
▒.▒▒▒▒▒▒.▒..▒.')M<.+.▒▒▒▒▒▒▒.▒
▒....▒▒▒.▒.▒▒c▒▒▒(▒▒...▒ ▒.▒
)..............▒▒+▒....▒ ▒.▒
.▒▒▒..▒▒.▒▒.▒▒.........▒
▒▒▒.▒▒▒▒
.▒▒▒..▒▒.▒▒.▒▒.▒▒▒▒▒.▒.▒
▒....... ......▒▒.▒▒.▒▒.▒
▒.▒.▒ ▒.▒.▒▒▒▒
.........▒▒†▒▒.▒ ▒.▒.▒ ▒.▒.▒
.▒▒...▒▒▒▒)..▒.▒ ▒.▒[▒▒▒.▒.▒
......▒▒▒......▒ ▒.▒.....▒.▒


You could see a yaktaur.


Message History

A yaktaur is nearby!!!
A yaktaur is nearby!!!
A yaktaur is nearby!!!
A yaktaur is nearby!!!
A yaktaur is nearby!!!
A yaktaur is nearby!!!
A yaktaur is nearby!!!
A yaktaur is nearby!!!
A yaktaur is nearby!!!
A yaktaur is nearby!!!
A yaktaur is nearby!!!
A yaktaur is nearby!!!
A yaktaur is nearby!!!
A yaktaur is nearby!!!
A yaktaur is nearby!!!
A yaktaur is nearby!!!
A yaktaur is nearby!!!
A yaktaur is nearby!!!
A yaktaur is nearby!!!
A yaktaur is nearby!!!
A yaktaur is nearby!!!
A yaktaur is nearby!!!
A yaktaur is nearby!!!
A yaktaur is nearby!!!
A yaktaur is nearby!!!
The yaktaur shouts!!!
You hear a shout!!! x2
The yaktaur wields an arbalest!
The yaktaur shoots a bolt of flame!
The bolt of flame hits you!!!!!!
DANG rip

Action                   |  1- 3 |  4- 6 || total
-------------------------+-------+-------++-------
Melee: Unarmed           |   145 |    34 ||   179
 Stab: Sleeping          |     2 |       ||     2

Vault maps used:
D:1:      dpeg_arrival_pits
D:2:      grunt_pakellas_basics

Notes
Turn   | Place    | Note
--------------------------------------------------------------
     0 | D:1      | GrosslyIncandescent the Mummy Monk began the quest for the Orb.
     0 | D:1      | Reached XP level 1. HP: 18/18 MP: 1/1
   551 | D:1      | Reached XP level 2. HP: 17/24 MP: 2/2
   918 | D:1      | Reached skill level 4 in Unarmed Combat
  1511 | D:2      | Reached XP level 3. HP: 3/29 MP: 3/3
  2630 | D:2      | Reached XP level 4. HP: 10/35 MP: 4/4
  2853 | D:2      | Found an oddly glowing altar of Pakellas.
  8768 | D:1      | Noticed a yaktaur
  8768 | D:1      | Shot with a bolt of flame by a yaktaur

Vanquished Creatures
  2 adders (D:2)
  2 oozes
  A worm (D:2)
  A dart slug (D:1)
  2 giant geckos (D:1)
  A ball python (D:2)
  6 goblins
  7 hobgoblins (D:1)
  7 jackals (D:2)
  A quokka (D:2)
  7 bats
  5 kobolds
  5 rats
47 creatures vanquished.
